 Dungeon Crawl Stone Soup version 0.29.1-15-g9cfb28693d (webtiles) character file.

Game seed: 18126889187648298673

85 KittyFluff the Trooper (level 4, 0/43 HPs)
             Began as a Gargoyle Berserker on Apr 10, 2023.
             Was a Follower of Trog.
             Slain by a gnoll
             ... wielding a +0 spear
              (7 damage)
             ... on level 2 of the Dungeon.
             The game lasted 00:05:36 (2394 turns).

KittyFluff the Trooper (Gargoyle Berserker)         Turns: 2394, Time: 00:05:36

Health: 0/43       AC:  7    Str: 21    XL:     4   Next: 48%
Magic:  0/4        EV: 11    Int:  7    God:    Trog [*.....]
Gold:   111        SH:  0    Dex: 11    Spells: 3/3 levels left

rFire   . . .      SeeInvis .   a - +0 mace
rCold   . . .      Faith    .   (no shield)
rNeg    + . .      Spirit   +   g - +0 leather armour
rPois   ∞          Reflect  .   (no helmet)
rElec   +          Harm     .   (no cloak)
rCorr   .          Rampage  .   (no gloves)
Will    .....                   (no boots)
Stlth   ..........              i - amulet of guardian spirit
HPRegen 0.14/turn               (no ring)
MPRegen 0.09/turn               (no ring)

@: berserking (expiring), very quick
A: sickness immunity, AC +3, negative energy resistance 1, electricity
resistance, torment resistance 1, petrification resistance
a: Renounce Religion, Berserk


You were on level 2 of the Dungeon.
You worshipped Trog.
Trog was aware of your devotion.
You visited 1 branch of the dungeon, and saw 2 of its levels.

You collected 111 gold pieces.

Inventory:

Hand Weapons
 a - a +0 mace (weapon)
Missiles
 e - 41 stones (quivered)
Armour
 g - a +0 leather armour (worn)
Jewellery
 i - an amulet of guardian spirit (around neck)
Scrolls
 b - a scroll of fear {unknown}
 c - a scroll of torment {unknown}
 d - a scroll of enchant weapon {unknown}
 h - 3 scrolls of identify {unknown}
 j - a scroll of amnesia {unknown}
Potions
 f - a potion of berserk rage {unknown}
 k - a potion of might
 l - a potion of haste {unknown}


   Skills:
 + Level 3.9 Fighting
 + Level 3.8 Maces & Flails
 * Level 3.3 Armour
 + Level 1.9 Dodging
 + Level 0.2 Stealth


You had 3 spell levels left.
You didn't know any spells.
Your spell library was empty.

Dungeon Overview and Level Annotations

Branches:
Dungeon (2/15)

Altars:


Innate Abilities, Weirdness & Mutations

You are immune to sickness and miasma.
Your stone body is resilient. (AC +3)
You are immune to poison.
You resist negative energy. (rN+)
You are resistant to electric shocks. (rElec)
You are resistant to unholy torment.
You are immune to petrification.


Message History

You closely miss the gnoll. The gnoll closely misses you.
The gnoll hits you but does no damage. The gnoll completely misses you.
The gnoll hits you but does no damage.
You hit the gnoll but do no damage. The gnoll barely misses you.
The gnoll hits you from afar with a +0 spear!
The gnoll hits you from afar with a +0 halberd.
A red film seems to cover your vision as you go berserk!
You feel yourself moving faster!
You feel mighty!
You can no longer call upon Trog for regeneration and willpower.
The gnoll hits you with a +0 flail.
The gnoll hits you from afar with a +0 spear.
The gnoll hits you but does no damage. The gnoll closely misses you.
You thump the gnoll!
The gnoll is severely wounded.
The gnoll barely misses you. x3; The gnoll closely misses you.
You hit the gnoll.
The gnoll is severely wounded.
The gnoll hits you with a +0 flail. The gnoll barely misses you.
The gnoll closely misses you. The gnoll hits you with a +0 whip.
* * * LOW HITPOINT WARNING * * *
You thump the gnoll!
You kill the gnoll!
Trog accepts your kill.
You hit the gnoll.
You kill the gnoll!
Trog accepts your kill. The gnoll barely misses you.
The gnoll hits you from afar with a +0 spear.
* * * LOW HITPOINT WARNING * * *
The gnoll closely misses you. The gnoll completely misses you.
You sock the gnoll!
The gnoll is severely wounded.
The gnoll hits you with a +0 spear.
* * * LOW HITPOINT WARNING * * *
The gnoll barely misses you.
You bludgeon the gnoll!!
You kill the gnoll!
Trog accepts your kill. The gnoll hits you with a +0 spear!
You die...

######...................#......
#....†................. ##...
#...................... #...
#......................
#......................
#......................
#......................
#.............)........
######.........@g......
#..........).)......
#...................
#........#####...... #........#
...... #........# ......
#........# ######........
#........# ##........ #........#
...........


You could see a gnoll.

Vanquished Creatures
  An orc wizard (D:2)
  3 gnolls (D:2)
  An adder (D:2)
  3 orcs (D:2)
  A bat (D:1)
  2 endoplasms (D:1)
  2 giant cockroaches (D:2)
  3 hobgoblins
  2 quokkas (D:1)
  A frilled lizard (D:1)
  8 kobolds
  5 rats
32 creatures vanquished.

Notes
Turn   | Place    | Note
-------+----------+-------------------------------------------
     0 | D:1      | KittyFluff the Gargoyle Berserker began the quest for the
                  | Orb.
     0 | D:1      | Reached XP level 1. HP: 14/14 MP: 1/1
   461 | D:1      | Reached XP level 2. HP: 7/19 MP: 2/2
  1161 | D:1      | Found a faded altar of an unknown god.
  2002 | D:2      | Reached ** piety under Trog
  2003 | D:2      | Reached XP level 3. HP: 18/24 MP: 1/3
  2086 | D:2      | Reached XP level 4. HP: 9/29 MP: 0/4
  2394 | D:2      | Slain by a gnoll

Illustrated notes

Levels and vault maps discovered:
D:1:      dpeg_arrival_shrine, layout_basic,
          dreamdust_ecumenical_altar_hidden_monk_grotto
D:2:      layout_basic

Skill      XL: |  1  2  3 |
---------------+----------+-----
Armour         | 3 |  3.3
Fighting       | |  3.9
Maces & Flails | |  3.8
Dodging        | |  1.9
Stealth        | |  0.2

Action                   |  1- 3 |  4- 6 || total
-------------------------+-------+-------++-------
Melee: Mace              |   101 |    18 ||   119
       Punch             |     3 |       ||     3
Invok: Berserk           |     1 |     1 ||     2
Armor: Leather armour    |    27 |     6 ||    33
       Animal skin       |     2 |       ||     2
Dodge: Dodged            |    51 |    19 ||    70
